[Event "ICC tourney 2533 (25 5)"]
[Site "Internet Chess Club"]
[Date "2021.04.25"]
[Round "6"]
[White "HENDERSON, TAYLOR:K09-16952541"]
[Black "OVINDEE WADUTHANTHREE, THIHANSA:K09-16126955"]
[Result "0-1"]
[ICCResult "White checkmated"]
[WhiteElo "636"]
[BlackElo "1136"]
[Opening "Queen's pawn game, Darooha variation "]
[ECO "D02"]
[NIC "QP.08"]
[Time "13:12:29"]
[PlyCount "68"]
[TimeControl "1500+5"]

1. d4 d5 2. Nf3 Nf6 3. Nc3 e6 4. Bd2 Be7 5. e3 c6 6. Bd3 Nbd7 7. O-O O-O 8.
Ne5 Qc7 9. e4 Nxe5 10. dxe5 Qxe5 11. exd5 Nxd5 12. Nxd5 cxd5 13. Re1 Qc7
14. g3 Bd7 15. Qh5 g6 16. Qh6 Rfe8 17. Bc3 Bf8 18. Qg5 Qd8 19. Qf6 Qxf6 20.
Bxf6 Bg7 21. Bxg7 Kxg7 22. h4 Rac8 23. c3 a5 24. a4 b6 25. Bb5 Bxb5 26.
axb5 Rc5 27. Rac1 Rxb5 28. c4 dxc4 29. Rxc4 Rxb2 30. Kg2 Rd8 31. Rc6 Rdd2
32. Rcc1 Rxf2+ 33. Kg1 Rg2+ 34. Kf1 Rbf2# { White checkmated } 0-1

[Event "ICC tourney 2533 (25 5)"]
[Site "Internet Chess Club"]
[Date "2021.04.25"]
[Round "6"]
[White "WILLIAM HALL, STEWART:K09-15065861"]
[Black "GHOSH, PRARTHAN:K09-15038196"]
[Result "1-0"]
[ICCResult "Black resigns"]
[WhiteElo "1427"]
[BlackElo "1916"]
[Opening "Bird's opening"]
[ECO "A03"]
[NIC "VO.07"]
[Time "13:12:05"]
[PlyCount "73"]
[TimeControl "1500+5"]

1. f4 d5 2. Nf3 e6 3. b3 c5 4. Bb2 Nc6 5. e3 f6 6. Bb5 Bd7 7. Nc3 a6 8.
Bxc6 Bxc6 9. O-O Bd6 10. Re1 Ne7 11. d4 Ng6 12. e4 Bxf4 13. exd5 Bxd5 14.
dxc5 O-O 15. Nxd5 Qxd5 16. Qxd5 exd5 17. Rad1 Rfd8 18. b4 a5 19. b5 Rac8
20. Bd4 Be5 21. c3 Rd7 22. Nxe5 Nxe5 23. Bxe5 fxe5 24. Rxe5 Rxc5 25. c4
Rxc4 26. Rexd5 Rxd5 27. Rxd5 Rc2 28. Rd8+ Kf7 29. Rd7+ Kf8 30. Rxb7 Rxa2
31. Ra7 a4 32. b6 Rb2 33. b7 a3 34. Ra8+ Ke7 35. b8=Q Rxb8 36. Rxb8 a2 37.
Ra8 { Black resigns } 1-0

[Event "ICC tourney 2533 (25 5)"]
[Site "Internet Chess Club"]
[Date "2021.04.25"]
[Round "6"]
[White "HU, MERRIC:K09-14686967"]
[Black "KHANNA, SAVIR:K09-15724048"]
[Result "1-0"]
[ICCResult "Black resigns"]
[WhiteElo "2275"]
[BlackElo "1160"]
[Opening "French: Tarrasch"]
[ECO "C03"]
[NIC "FR.07"]
[Time "13:09:46"]
[PlyCount "39"]
[TimeControl "1500+5"]

1. e4 e6 2. d4 d5 3. Nd2 dxe4 4. Nxe4 Nf6 5. Bd3 Nbd7 6. Qe2 Nxe4 7. Bxe4
Nf6 8. Bxb7 Bxb7 9. Qb5+ Nd7 10. Qxb7 Bd6 11. Nf3 O-O 12. O-O Nb6 13. b3
Qf6 14. Bg5 Qg6 15. c4 Rab8 16. Qc6 h6 17. Be3 Be7 18. Qxc7 Bf6 19. Qxa7
Bd8 20. Qxb8 { Black resigns } 1-0

[Event "ICC tourney 2533 (25 5)"]
[Site "Internet Chess Club"]
[Date "2021.04.25"]
[Round "6"]
[White "RALLABANDI, KRISHNA:K09-16752001"]
[Black "D LEVY, SOLOMON:K09-30045580"]
[Result "1-0"]
[ICCResult "Black checkmated"]
[WhiteElo "1440"]
[BlackElo "1012"]
[Opening "QGD: 3.Nc3"]
[ECO "D31"]
[NIC "QP.08"]
[Time "13:13:05"]
[PlyCount "39"]
[TimeControl "1500+5"]

1. d4 d5 2. c4 e6 3. Nc3 dxc4 4. e3 b6 5. Bxc4 Bb7 6. Nf3 Nf6 7. O-O Bb4 8.
Re1 Nc6 9. Bd3 O-O 10. e4 Nxd4 11. Nxd4 Qxd4 12. e5 Bxc3 13. exf6 Bxe1 14.
Bxh7+ Kxh7 15. Qxd4 g5 16. Bxg5 Kg6 17. Qg4 Rh8 18. Bh4+ Kh6 19. Qg7+ Kh5
20. Qg5# { Black checkmated } 1-0

[Event "ICC tourney 2533 (25 5)"]
[Site "Internet Chess Club"]
[Date "2021.04.25"]
[Round "6"]
[White "PRASAD, SHIVAM:K09-16673648"]
[Black "IYER, ANEESH:K09-15577967"]
[Result "1-0"]
[ICCResult "Black resigns"]
[WhiteElo "789"]
[BlackElo "1146"]
[Opening "Giuoco Pianissimo"]
[ECO "C50"]
[NIC "IG.02"]
[Time "13:11:23"]
[PlyCount "87"]
[TimeControl "1500+5"]

1. e4 e5 2. Nf3 Nc6 3. Bc4 Bc5 4. d3 h6 5. O-O Nf6 6. Nc3 d6 7. h3 Bd7 8.
b3 O-O 9. Bb2 a6 10. a4 Qe7 11. Qe2 Be6 12. Bxe6 Qxe6 13. Rfe1 Bb4 14. Rad1
Nd4 15. Nxd4 exd4 16. Nd5 Bxe1 17. Nxc7 Bxf2+ 18. Qxf2 Qe5 19. Nxa8 Rxa8
20. Bxd4 Qe6 21. Bxf6 Qxf6 22. Qxf6 gxf6 23. Rf1 Kg7 24. Kf2 Rc8 25. c4 Rc5
26. Ke3 Rg5 27. g4 h5 28. Rf5 hxg4 29. Rxg5+ fxg5 30. hxg4 Kf6 31. Kd4 Ke6
32. b4 b6 33. a5 bxa5 34. bxa5 f6 35. c5 Kd7 36. Kd5 dxc5 37. Kxc5 Kc7 38.
d4 Kb7 39. Kd6 Kc8 40. Ke6 Kc7 41. Kxf6 Kc6 42. e5 Kd7 43. Kf7 Kd8 44. e6 {
Black resigns } 1-0

[Event "ICC tourney 2533 (25 5)"]
[Site "Internet Chess Club"]
[Date "2021.04.25"]
[Round "6"]
[White "CHUNG, JACOB:K09-16350401"]
[Black "C JOURA, JOHN:K09-16650651"]
[Result "1-0"]
[ICCResult "Black checkmated"]
[WhiteElo "1434"]
[BlackElo "994"]
[Opening "Giuoco Piano"]
[ECO "C54"]
[NIC "IG.02"]
[Time "13:15:02"]
[PlyCount "57"]
[TimeControl "1500+5"]

1. e4 e5 2. Nf3 Nc6 3. Bc4 Bc5 4. c3 Nf6 5. d4 exd4 6. cxd4 Bb4+ 7. Bd2
Bxd2+ 8. Nbxd2 d5 9. exd5 Nxd5 10. O-O Bg4 11. Re1+ Nde7 12. Bxf7+ Kxf7 13.
Ng5+ Ke8 14. Qxg4 Nxd4 15. Ne6 Nxe6 16. Qxe6 Rf8 17. Rad1 Rf6 18. Qg8+ Rf8
19. Qxg7 Qd6 20. Ne4 Qb6 21. Nd6+ Kd7 22. Qxe7+ Kc6 23. Rc1+ Qc5 24. Rxc5+
Kxc5 25. Qxc7+ Kd5 26. Rd1+ Ke6 27. Qc4+ Kd7 28. Nf5+ Ke8 29. Qe6# { Black
checkmated } 1-0

[Event "ICC tourney 2533 (25 5)"]
[Site "Internet Chess Club"]
[Date "2021.04.25"]
[Round "6"]
[White "HERKER, JASON:K09-15806028"]
[Black "BRUM, CHARLES:K09-30020736"]
[Result "0-1"]
[ICCResult "White resigns"]
[WhiteElo "229"]
[BlackElo "910"]
[Opening "Ruy Lopez: Classical defense deferred"]
[ECO "C70"]
[NIC "RL.09"]
[Time "13:11:39"]
[PlyCount "50"]
[TimeControl "1500+5"]

1. e4 e5 2. Nf3 Nc6 3. Bb5 a6 4. Ba4 Bc5 5. Bb3 d6 6. O-O Nf6 7. Nc3 O-O 8.
d3 Be6 9. Nd5 Bxd5 10. exd5 Ne7 11. c4 c6 12. d4 exd4 13. Nxd4 cxd5 14.
cxd5 Nexd5 15. Nf5 Ne7 16. Nxe7+ Qxe7 17. Re1 Qd7 18. Ba4 b5 19. Bb3 Rae8
20. Rxe8 Rxe8 21. Bg5 Ne4 22. Be3 Bxe3 23. fxe3 Nc5 24. Bd5 Rxe3 25. Qd4
Rd3 { White resigns } 0-1

[Event "ICC tourney 2533 (25 5)"]
[Site "Internet Chess Club"]
[Date "2021.04.25"]
[Round "6"]
[White "RODRIGUEZ, KEYES:K09-16494792"]
[Black "KOGAN, NIKITA:K09-17190210"]
[Result "0-1"]
[ICCResult "White checkmated"]
[WhiteElo "1195"]
[BlackElo "820"]
[Opening "Sicilian: Alapin's variation (2.c3)"]
[ECO "B22"]
[NIC "SI.46"]
[Time "13:09:38"]
[PlyCount "144"]
[TimeControl "1500+5"]

1. e4 c5 2. c3 Nc6 3. d4 cxd4 4. cxd4 e6 5. Nf3 d5 6. e5 Bb4+ 7. Bd2 Bxd2+
8. Qxd2 Qb6 9. Bd3 Nge7 10. O-O h6 11. Nc3 a6 12. Be2 Bd7 13. Na4 Qb4 14.
Qxb4 Nxb4 15. Nc5 b6 16. Nxd7 Kxd7 17. a3 Nbc6 18. Rac1 g5 19. Rc3 Nf5 20.
Rd1 g4 21. Ne1 Ncxd4 22. Bxg4 h5 23. Bxf5 Nxf5 24. f4 h4 25. Rdc1 Rac8 26.
Nf3 Rxc3 27. Rxc3 a5 28. Kf2 Rc8 29. Rxc8 Kxc8 30. g4 hxg3+ 31. hxg3 Nh6
32. Nd4 Kd7 33. Kf3 Nf5 34. Nxf5 exf5 35. Ke3 a4 36. Kd4 Kc6 37. Kd3 Kc5
38. Kc3 d4+ 39. Kd3 Kd5 40. Ke2 Kc4 41. Kd2 Kb3 42. Kd3 Kxb2 43. Kxd4 Kxa3
44. Kd5 b5 45. Kd6 b4 46. Ke7 b3 47. Kxf7 b2 48. e6 b1=Q 49. e7 Qb7 50. Kf8
Qxe7+ 51. Kxe7 Kb3 52. Kf6 a3 53. Kxf5 a2 54. g4 a1=Q 55. g5 Qg7 56. g6 Kc4
57. Kg5 Kd5 58. f5 Ke5 59. Kg4 Kf6 60. Kf4 Qh6+ 61. Ke4 Qh4+ 62. Kd5 Qg5
63. Ke4 Qxf5+ 64. Kd4 Qxg6 65. Kc3 Qe4 66. Kb2 Qd3 67. Ka1 Qb5 68. Ka2 Ke5
69. Ka3 Kd4 70. Ka2 Kc3 71. Ka1 Kc2 72. Ka2 Qa5# { White checkmated } 0-1

[Event "ICC tourney 2533 (25 5)"]
[Site "Internet Chess Club"]
[Date "2021.04.25"]
[Round "6"]
[White "FENTON, SETH:K09-15344035"]
[Black "DELGADO, RAPHAEL:K09-15177176"]
[Result "0-1"]
[ICCResult "White checkmated"]
[WhiteElo "1690"]
[BlackElo "913"]
[Opening "English: symmetrical variation"]
[ECO "A36"]
[NIC "EO.64"]
[Time "13:10:33"]
[PlyCount "48"]
[TimeControl "1500+5"]

1. c4 c5 2. Nc3 Nc6 3. g3 b6 4. Bg2 Bb7 5. e3 d6 6. Nge2 Nf6 7. O-O Qc7 8.
Nf4 e6 9. b3 O-O-O 10. Nb5 Qd7 11. d4 a6 12. Nc3 h5 13. d5 Ne5 14. dxe6
fxe6 15. Na4 Kc7 16. f3 g5 17. Nd3 Nxd3 18. Qxd3 h4 19. Bb2 Bg7 20. Qg6
Rdf8 21. Qxg5 Bh6 22. Qg6 Bxe3+ 23. Kh1 hxg3 24. Bxf6 Rxh2# { White
checkmated } 0-1

[Event "ICC tourney 2533 (25 5)"]
[Site "Internet Chess Club"]
[Date "2021.04.25"]
[Round "6"]
[White "SURESH, ISAAC:K09-15949243"]
[Black "BYRD, JONATHAN:K09-15330261"]
[Result "1-0"]
[ICCResult "Black checkmated"]
[WhiteElo "488"]
[BlackElo "952"]
[Opening "Danish gambit"]
[ECO "C21"]
[NIC "KP.04"]
[Time "13:11:50"]
[PlyCount "61"]
[TimeControl "1500+5"]

1. e4 e5 2. d4 exd4 3. c3 dxc3 4. Nxc3 Nc6 5. Nf3 Bc5 6. Bb5 Nf6 7. O-O a6
8. Bd3 d6 9. Qe2 Bg4 10. Be3 O-O 11. Rac1 Nd4 12. Bxd4 Bxd4 13. Qd2 Bxf3
14. gxf3 Bxc3 15. Rxc3 Nh5 16. Bc4 b5 17. Be2 b4 18. Rb3 c5 19. f4 Qf6 20.
Bxh5 Qe6 21. e5 dxe5 22. fxe5 Qxe5 23. Rg3 Qxh5 24. Kh1 Rad8 25. Qe3 Qd5+
26. f3 Rfe8 27. Qg1 Qxa2 28. Rxg7+ Kf8 29. Qg5 f6 30. Qxf6+ Qf7 31. Qxf7# {
Black checkmated } 1-0

[Event "ICC tourney 2533 (25 5)"]
[Site "Internet Chess Club"]
[Date "2021.04.25"]
[Round "6"]
[White "MAHAJAN, RUSHAAN:K09-15449416"]
[Black "NG, TIMOTHY:K09-15541548"]
[Result "1-0"]
[ICCResult "Black checkmated"]
[WhiteElo "2209"]
[BlackElo "1857"]
[Opening "Réti: King's Indian attack"]
[ECO "A05"]
[NIC "QP.11"]
[Time "13:12:29"]
[PlyCount "73"]
[TimeControl "1500+5"]

1. Nf3 Nf6 2. g3 g6 3. b3 Bg7 4. Bb2 O-O 5. Bg2 d6 6. d4 c6 7. O-O Nbd7 8.
Nbd2 Qc7 9. a4 e5 10. dxe5 Nxe5 11. Nxe5 dxe5 12. Nc4 Nd7 13. Ba3 Re8 14.
a5 a6 15. Nd6 Rd8 16. Nxf7 Kxf7 17. Bd6 Nc5 18. Bxc7 Rxd1 19. Raxd1 Be6 20.
f4 exf4 21. Rxf4+ Kg8 22. Rd8+ Rxd8 23. Bxd8 Be5 24. Rf1 Bf5 25. e4 Bd4+
26. Kh1 Nxe4 27. Bb6 c5 28. g4 Nf2+ 29. Rxf2 Bxf2 30. gxf5 gxf5 31. Bxb7 f4
32. Bxa6 Kf7 33. Bc4+ Ke7 34. a6 f3 35. a7 Bd4 36. a8=Q f2 37. Qd8# { Black
checkmated } 1-0

[Event "ICC tourney 2533 (25 5)"]
[Site "Internet Chess Club"]
[Date "2021.04.25"]
[Round "6"]
[White "Y NG, EUGENE:K09-17199947"]
[Black "ATREYA, CHARVI:K09-16816706"]
[Result "0-1"]
[ICCResult "White resigns"]
[WhiteElo "1359"]
[BlackElo "944"]
[Opening "King's gambit"]
[ECO "C30"]
[NIC "KG.05"]
[Time "13:11:22"]
[PlyCount "58"]
[TimeControl "1500+5"]

1. e4 e5 2. f4 d6 3. Bc4 Nc6 4. Nc3 Nf6 5. d3 h6 6. Nf3 Be7 7. Be3 O-O 8.
O-O Re8 9. f5 Na5 10. Qd2 Nxc4 11. dxc4 Ng4 12. h3 Nxe3 13. Qxe3 c6 14. g4
Qa5 15. h4 d5 16. Kg2 d4 17. Qf2 dxc3 18. g5 hxg5 19. hxg5 cxb2 20. Rab1
Qxa2 21. g6 Bd8 22. Nd4 exd4 23. e5 Rxe5 24. Qxd4 Bc7 25. f6 Rg5+ 26. Kh1
Rh5+ 27. Kg2 Bh3+ 28. Kf2 Bb6 29. gxf7+ Kxf7 { White resigns } 0-1

[Event "ICC tourney 2533 (25 5)"]
[Site "Internet Chess Club"]
[Date "2021.04.25"]
[Round "6"]
[White "KUMARAVEL, JAIKIRAN:K09-15581132"]
[Black "KATZ, GAVIN:K09-15762048"]
[Result "1/2-1/2"]
[ICCResult "Game drawn by mutual agreement"]
[WhiteElo "1488"]
[BlackElo "1056"]
[Opening "Giuoco Pianissimo: Italian four knights variation"]
[ECO "C55"]
[NIC "IG.01"]
[Time "13:10:05"]
[PlyCount "86"]
[TimeControl "1500+5"]

1. e4 e5 2. Nf3 Nc6 3. Bc4 Nf6 4. d3 Bc5 5. Nc3 h6 6. Be3 Bxe3 7. fxe3 O-O
8. O-O d6 9. Qe1 Re8 10. Nh4 a6 11. Nf5 Bxf5 12. exf5 d5 13. Bb3 d4 14. Nd1
Rb8 15. Qf2 Ng4 16. Qf3 Qh4 17. h3 Nxe3 18. Nxe3 dxe3 19. Qxe3 Qd4 20. Qxd4
exd4 21. Rfe1 b5 22. Kf2 Nb4 23. a3 Nc6 24. Bd5 Ne7 25. Be4 g6 26. fxg6
Nxg6 27. Re2 Nf4 28. Ree1 Kg7 29. Kf3 Ng6 30. Re2 Re7 31. Rae1 Rbe8 32.
Bxg6 Rxe2 33. Rxe2 Rxe2 34. Kxe2 Kxg6 35. Kf3 Kf5 36. g4+ Ke5 37. h4 f6 38.
b4 c6 39. Kg3 f5 40. g5 f4+ 41. Kf3 hxg5 42. h5 Kf6 43. Kg4 Kg7 { Game
drawn by mutual agreement } 1/2-1/2

[Event "ICC tourney 2533 (25 5)"]
[Site "Internet Chess Club"]
[Date "2021.04.25"]
[Round "6"]
[White "MARIAN, AARON:K09-15799497"]
[Black "BUCHIREDDY, NEELI:K09-17330278"]
[Result "1-0"]
[ICCResult "Black resigns"]
[WhiteElo "1400"]
[BlackElo "750"]
[Opening "French defense"]
[ECO "C00"]
[NIC "FR.01"]
[Time "13:11:09"]
[PlyCount "93"]
[TimeControl "1500+5"]

1. e4 e6 2. Nf3 d5 3. exd5 exd5 4. d4 c5 5. c3 Nc6 6. Bf4 Nf6 7. Bb5 Bd6 8.
Be5 O-O 9. O-O Bxe5 10. dxe5 Ng4 11. Re1 Re8 12. h3 Nh6 13. Qc2 Bf5 14. Bd3
Bxd3 15. Qxd3 c4 16. Qe3 Qc7 17. Qg5 Re6 18. Na3 a6 19. Nc2 Rae8 20. Re2
Nxe5 21. Nxe5 Rxe5 22. Rxe5 Rxe5 23. Re1 Rxe1+ 24. Nxe1 Qd6 25. Nf3 f6 26.
Qh5 Qe6 27. g3 b5 28. Nd4 Qe1+ 29. Kg2 Qe4+ 30. Qf3 Qe5 31. Nc6 Qd6 32. Nb4
d4 33. Qa8+ Kf7 34. Qa7+ Kg6 35. Qxd4 Qxd4 36. cxd4 Nf5 37. d5 Kf7 38. Nxa6
Ke7 39. Nb4 Kd6 40. Kf3 Kc5 41. a3 Ne7 42. Ke4 g6 43. g4 h6 44. f4 c3 45.
bxc3 Kc4 46. d6 Nc6 47. Nxc6 { Black resigns } 1-0

[Event "ICC tourney 2533 (25 5)"]
[Site "Internet Chess Club"]
[Date "2021.04.25"]
[Round "6"]
[White "GAO, JERRY:K09-16753890"]
[Black "KAMEL, YASEEN:K09-30090598"]
[Result "1/2-1/2"]
[ICCResult "Game drawn by mutual agreement"]
[WhiteElo "877"]
[BlackElo "1301"]
[Opening "Caro-Kann: advance variation"]
[ECO "B12"]
[NIC "CK.04"]
[Time "13:13:59"]
[PlyCount "74"]
[TimeControl "1500+5"]

1. e4 c6 2. d4 d5 3. e5 Bf5 4. Nf3 e6 5. Bd3 Ne7 6. Bg5 Bxd3 7. Qxd3 h6 8.
Bh4 Qd7 9. Nbd2 Nf5 10. c3 Nxh4 11. Nxh4 Be7 12. Nhf3 c5 13. Rc1 Nc6 14.
Qe3 cxd4 15. cxd4 Rc8 16. O-O O-O 17. Nb3 b6 18. a3 Rc7 19. Rc3 Rfc8 20.
Rfc1 Nd8 21. Qd2 Rxc3 22. Rxc3 Rxc3 23. Qxc3 Qc6 24. Qxc6 Nxc6 25. Kf1 Kh7
26. Ke2 Kg6 27. Kd3 Kf5 28. h3 h5 29. Ke3 g5 30. Nh2 f6 31. exf6 Bxf6 32.
g4+ hxg4 33. hxg4+ Kg6 34. Nf3 a5 35. a4 Nb4 36. Kd2 Nc6 37. Ke3 Nb4 { Game
drawn by mutual agreement } 1/2-1/2

[Event "ICC tourney 2533 (25 5)"]
[Site "Internet Chess Club"]
[Date "2021.04.25"]
[Round "6"]
[White "T ZHANG, ANDREW:K09-16058226"]
[Black "MICHAEL WANG, JUSTIN:K09-15796021"]
[Result "1-0"]
[ICCResult "Black checkmated"]
[WhiteElo "1389"]
[BlackElo "962"]
[Opening "Queen's pawn, Mason variation"]
[ECO "D00"]
[NIC "QP.08"]
[Time "13:13:27"]
[PlyCount "99"]
[TimeControl "1500+5"]

1. d4 d5 2. Bf4 Nc6 3. e3 Bf5 4. Nf3 Nf6 5. Bd3 e6 6. Bxf5 exf5 7. O-O Qd7
8. Nc3 O-O-O 9. Nb5 Bd6 10. Nxd6+ cxd6 11. Qd3 h6 12. c4 Rhg8 13. Rac1 g5
14. Bg3 f4 15. exf4 gxf4 16. Bxf4 Nb4 17. cxd5+ Kb8 18. Qb3 Nfxd5 19. Bg3
Qg4 20. a3 Nf4 21. Qxb4 Ne2+ 22. Kh1 Nxg3+ 23. fxg3 h5 24. Qc3 f5 25. b4 f4
26. Nh4 Rc8 27. Qd3 Rg7 28. Rxc8+ Kxc8 29. Rc1+ Kd7 30. Qb5+ Ke6 31. Re1+
Kf6 32. Qf1 Re7 33. Rxe7 Kxe7 34. Qe1+ Kd7 35. gxf4 Qxf4 36. Nf3 h4 37. d5
h3 38. Qe6+ Kd8 39. Qxh3 Qc1+ 40. Ng1 Kc7 41. Qh7+ Kb6 42. Qd7 Qh6 43. a4
a5 44. Qd8+ Ka7 45. Qxa5+ Kb8 46. Qb6 Qh7 47. Qxd6+ Ka8 48. b5 Qc2 49. b6
Qxa4 50. Qd8# { Black checkmated } 1-0

[Event "ICC tourney 2533 (25 5)"]
[Site "Internet Chess Club"]
[Date "2021.04.25"]
[Round "6"]
[White "DANIEL SHIVELY, CAMERON:K09-15556578"]
[Black "LIU, CATHERINE:K09-15277304"]
[Result "1-0"]
[ICCResult "Black checkmated"]
[WhiteElo "787"]
[BlackElo "1143"]
[Opening "Sicilian: closed"]
[ECO "B23"]
[NIC "SI.44"]
[Time "13:13:06"]
[PlyCount "43"]
[TimeControl "1500+5"]

1. e4 c5 2. Nc3 e6 3. Nf3 a6 4. Bc4 b5 5. Bd3 Bb7 6. b3 d6 7. Bb2 Nd7 8.
O-O Ngf6 9. Qe2 Be7 10. a4 b4 11. Nd1 O-O 12. e5 Ng4 13. exd6 Bxd6 14. Ne3
Nge5 15. Nxe5 Nxe5 16. Bxe5 Bxe5 17. Qh5 f5 18. Rae1 Qf6 19. Ng4 fxg4 20.
Bxh7+ Kh8 21. Bg6+ Kg8 22. Qh7# { Black checkmated } 1-0

[Event "ICC tourney 2533 (25 5)"]
[Site "Internet Chess Club"]
[Date "2021.04.25"]
[Round "6"]
[White "ZOFFER, OSKAR:K09-16471866"]
[Black "SHETTY, DARSH:K09-16728985"]
[Result "1-0"]
[ICCResult "Black checkmated"]
[WhiteElo "1680"]
[BlackElo "680"]
[Opening "Nimzovich-Larsen attack: modern variation"]
[ECO "A01"]
[NIC "VO.08"]
[Time "13:09:45"]
[PlyCount "83"]
[TimeControl "1500+5"]

1. b3 e5 2. Bb2 Nc6 3. e3 d5 4. Bb5 Bd6 5. f4 Bd7 6. Bxc6 Bxc6 7. fxe5 Be7
8. Nf3 f6 9. O-O Qd7 10. Nd4 O-O-O 11. e6 Qe8 12. Qg4 Nh6 13. Qxg7 Qf8 14.
Qxf8 Rdxf8 15. Nc3 Bc5 16. Nce2 Ng4 17. Nxc6 bxc6 18. h3 Ne5 19. d4 Re8 20.
dxc5 Rxe6 21. Nd4 Ree8 22. Rxf6 Nd7 23. Rxc6 Ne5 24. Re6 Rxe6 25. Nxe6 Re8
26. Bxe5 Rxe6 27. Bd4 c6 28. Rf1 Kb7 29. Rf7+ Ka6 30. Rxh7 Re4 31. g4 Re6
32. g5 Rg6 33. h4 Kb5 34. Rh6 Rg8 35. g6 a5 36. g7 a4 37. Rh8 Rxg7+ 38.
Bxg7 axb3 39. axb3 Kxc5 40. h5 Kb4 41. Rb8+ Kc5 42. Bf8# { Black checkmated
} 1-0

[Event "ICC tourney 2533 (25 5)"]
[Site "Internet Chess Club"]
[Date "2021.04.25"]
[Round "6"]
[White "REYNOLDS, TYLER:K09-15100161"]
[Black "REISS, AIDEN:K09-16581243"]
[Result "0-1"]
[ICCResult "White resigns"]
[WhiteElo "1207"]
[BlackElo "1853"]
[Opening "Sicilian: Najdorf, Lipnitzky attack"]
[ECO "B86"]
[NIC "SI.13"]
[Time "13:10:00"]
[PlyCount "68"]
[TimeControl "1500+5"]

1. e4 c5 2. Nf3 d6 3. d4 cxd4 4. Nxd4 Nf6 5. Nc3 a6 6. Bc4 e6 7. Bg5 Be7 8.
Bd3 b5 9. O-O O-O 10. Re1 Qc7 11. Qf3 Nbd7 12. Qg3 Ne5 13. Nf3 Ng6 14. Rad1
Bb7 15. Be3 b4 16. Ne2 Bxe4 17. Nf4 Bxd3 18. cxd3 Nxf4 19. Bxf4 Nh5 20. Qg4
Nxf4 21. Qxf4 Qb6 22. Rc1 Bf6 23. b3 Bc3 24. Re4 d5 25. Re3 Rac8 26. Re2
Bf6 27. Rec2 Rc3 28. Ne5 Qc7 29. Rxc3 bxc3 30. d4 Rc8 31. Qe3 Qa5 32. Nd7
Be7 33. Qd3 Qxa2 34. Rxc3 Qa1+ { White resigns } 0-1

[Event "ICC tourney 2533 (25 5)"]
[Site "Internet Chess Club"]
[Date "2021.04.25"]
[Round "6"]
[White "CHUGH, ROHAN:K09-16024710"]
[Black "GUERRERIO, CHRISTOPHER:K09-16206065"]
[Result "1-0"]
[ICCResult "Black resigns"]
[WhiteElo "1072"]
[BlackElo "530"]
[Opening "Giuoco Piano: four knights variation"]
[ECO "C47"]
[NIC "KP.06"]
[Time "13:11:50"]
[PlyCount "81"]
[TimeControl "1500+5"]

1. e4 e5 2. Nf3 Nc6 3. Nc3 Nf6 4. Bc4 Bc5 5. O-O O-O 6. h3 d6 7. d3 Be6 8.
Bb3 Re8 9. Bg5 h6 10. Bh4 g5 11. Bg3 Nd7 12. Re1 f6 13. Ne2 Kg7 14. d4 exd4
15. Nfxd4 Bxb3 16. Nxb3 Rxe4 17. Nxc5 dxc5 18. Nc3 Rxe1+ 19. Qxe1 Nde5 20.
Ne4 b6 21. Rd1 Qg8 22. Bxe5 Nxe5 23. Nc3 Rd8 24. b3 Qe8 25. Kh1 c6 26. Ne4
Rd7 27. Nd6 Qe6 28. Ne4 Re7 29. Rd6 Qf5 30. Rxf6 Qd7 31. Rd6 Qf5 32. Ng3
Qf7 33. Qe4 Qxf2 34. Nf5+ Kf8 35. Nxe7 Qf1+ 36. Kh2 Nf7 37. Ng6+ Kg7 38.
Rxc6 Qa1 39. Rc7 Qc3 40. Ne5 Kg8 41. Rxf7 { Black resigns } 1-0

[Event "ICC tourney 2533 (25 5)"]
[Site "Internet Chess Club"]
[Date "2021.04.25"]
[Round "6"]
[White "GARAG, SHASHANK:K09-17125451"]
[Black "SRIKAR MEDIDA, ABHIJAY:K09-17135175"]
[Result "1-0"]
[ICCResult "Black resigns"]
[WhiteElo "712"]
[BlackElo "312"]
[Opening "Two knights defense"]
[ECO "C58"]
[NIC "KP.01"]
[Time "13:11:08"]
[PlyCount "69"]
[TimeControl "1500+5"]

1. e4 e5 2. Nf3 Nc6 3. Bc4 Nf6 4. Ng5 d5 5. exd5 Na5 6. Bb5+ c6 7. dxc6
Nxc6 8. Bc4 Be6 9. Bxe6 fxe6 10. Nxe6 Qe7 11. Nxf8 Qxf8 12. O-O O-O-O 13.
Nc3 Nd7 14. d3 h6 15. Be3 Re8 16. Qg4 Qf7 17. Rfe1 Rhf8 18. Nb5 Kb8 19. Nd6
Qe7 20. Nxe8 Rxe8 21. Rad1 Nf6 22. Qc4 Rc8 23. Bc5 Qd7 24. h3 Na5 25. Qb4
Nc6 26. Bd6+ Ka8 27. Qa3 Rd8 28. Bc5 b6 29. Bxb6 Rb8 30. Be3 Nd5 31. c4
Ndb4 32. Re2 e4 33. d4 Ne5 34. b3 Nbd3 35. dxe5 { Black resigns } 1-0

[Event "ICC tourney 2533 (25 5)"]
[Site "Internet Chess Club"]
[Date "2021.04.25"]
[Round "6"]
[White "LEE, JOSHUA:K09-16260353"]
[Black "KOTHAPALLI, ASHISH:K09-16185293"]
[Result "0-1"]
[ICCResult "White checkmated"]
[WhiteElo "1285"]
[BlackElo "897"]
[Opening "Giuoco Piano"]
[ECO "C50"]
[NIC "IG.02"]
[Time "13:11:35"]
[PlyCount "166"]
[TimeControl "1500+5"]

1. e4 e5 2. Nf3 Nc6 3. Bc4 Bc5 4. O-O d6 5. Re1 Bg4 6. h3 Bh5 7. c3 Nf6 8.
d3 h6 9. Be3 Bb6 10. Nbd2 O-O 11. Qc2 Qd7 12. d4 Bg6 13. Nh4 Bh7 14. Nf5
exd4 15. cxd4 Nxe4 16. Qxe4 Bxf5 17. Qf3 Nb4 18. Rac1 d5 19. Bb3 Nd3 20.
Qg3 Bg6 21. Rcd1 Nxe1 22. Rxe1 Rfe8 23. Rf1 Qe6 24. Qf3 c6 25. h4 Be4 26.
Nxe4 Qxe4 27. Qg3 Bxd4 28. Bxd4 Qxd4 29. Kh1 Re4 30. Qc7 Rxh4+ 31. Kg1 Qf4
32. Qxf4 Rxf4 33. g3 Rd4 34. Rd1 Rxd1+ 35. Bxd1 Re8 36. Kf1 f6 37. Bh5 Re5
38. Be2 Kf7 39. Ke1 d4 40. Kd2 c5 41. Bf3 b6 42. Kd3 Rf5 43. Ke2 Re5+ 44.
Kd3 Re1 45. Kd2 Rb1 46. b3 Rb2+ 47. Ke1 Rxa2 48. Bd5+ Ke7 49. Bc4 Kd6 50.
Kf1 Rb2 51. Kg2 Kc6 52. Kf3 Rc2 53. Ke4 Rxf2 54. Bd5+ Kd6 55. Bc4 Rc2 56.
Kd3 Rxc4 57. Kxc4 Ke5 58. Kd3 Kf5 59. Ke2 Kg4 60. Kf2 h5 61. Kg2 h4 62.
gxh4 Kxh4 63. Kf3 Kh3 64. Ke2 Kh2 65. Kd3 g5 66. Ke4 g4 67. Kf4 g3 68. Kf3
g2 69. Kf2 g1=Q+ 70. Ke2 Qb1 71. Kf3 Qxb3+ 72. Ke4 Qe3+ 73. Kd5 c4 74. Kc6
Qe6+ 75. Kb5 a6+ 76. Ka4 Qe1 77. Ka3 Qb1 78. Ka4 Kg3 79. Ka3 Kf3 80. Ka4
Ke3 81. Ka3 Kd3 82. Ka4 Kc3 83. Ka3 Qa1# { White checkmated } 0-1

[Event "ICC tourney 2533 (25 5)"]
[Site "Internet Chess Club"]
[Date "2021.04.25"]
[Round "6"]
[White "TATIKONDA, NIHANTH:K09-16818044"]
[Black "JOSHUA RAJESH, AADITYA:K09-16964021"]
[Result "1-0"]
[ICCResult "Black checkmated"]
[WhiteElo "1392"]
[BlackElo "989"]
[Opening "QGD: symmetrical (Austrian) defense"]
[ECO "D06"]
[NIC "QP.08"]
[Time "13:10:47"]
[PlyCount "105"]
[TimeControl "1500+5"]

1. d4 d5 2. c4 c5 3. Nf3 dxc4 4. e3 cxd4 5. Nxd4 e5 6. Nf3 Qxd1+ 7. Kxd1 e4
8. Ng5 Bf5 9. Bxc4 h6 10. Nxf7 Rh7 11. Ne5 Nf6 12. Bb5+ Nbd7 13. Nxd7 Nxd7
14. Nc3 O-O-O 15. Kc2 Ne5 16. a3 g5 17. b4 a5 18. bxa5 Kc7 19. Bb2 Ng4 20.
h3 Nxf2 21. Rhf1 Nxh3 22. Rxf5 Nf4 23. exf4 gxf4 24. Nxe4 Rc8 25. Be5+ Kd8+
26. Nc3 Ke7 27. Bxf4 Ke6 28. Re5+ Kf7 29. Rf1 Kg8 30. Re8 Rxe8 31. Bxe8 Re7
32. Bb5 Kh7 33. Bd6 Re2+ 34. Bxe2 Bxd6 35. Bd3+ Kg7 36. Nb5 Be7 37. Bc4 Kg6
38. Bf7+ Kg7 39. Bd5 Bd8 40. Bxb7 Bxa5 41. Rf5 Bb6 42. Kd3 Kg6 43. Ke4 Bg1
44. Ke5 Bh2+ 45. Ke6 Kg7 46. Rf6 Bg3 47. Nd6 Bh4 48. Nf5+ Kg8 49. Nxh4 h5
50. Rf7 Kh8 51. Kf6 Kg8 52. Kg6 Kh8 53. Rf8# { Black checkmated } 1-0